Map: 2000 Atmospheres LE

Players

Semper

  • Race: Terran Terran

Astrea - Winner!

  • Race: Protoss Protoss

Event: DreamHack SC2 Masters 2021 Fall

VOD

Have the link to the VOD?

Description

Time

  • Played on: Aug. 5, 2021, 3:37 p.m.
  • Length: 16:24

All games in this series

Show
View Real Time Build Order
Export as new Build Order

Semper Terran 

Build Orders:  

Get SALT Encoding   

  12  0:00  SCV  
  13  0:12  SCV  
  14  0:17  Supply Depot  
  14  0:24  SCV  
  15  0:39  SCV  
  15  0:41  Barracks  
  16  0:44  Refinery  
  16  0:51  SCV  
  17  1:03  SCV  
  18  1:15  SCV  
  19  1:28  Marine  
  19  1:29  Orbital Command  
  20  1:43  Command Center  
  20  1:47  Barracks Reactor  
  20  1:58  SCV  
  21  2:03  Supply Depot  
  21  2:13  Factory  
  21  2:16  SCV  
  22  2:23  Marine  
  22  2:24  Marine  
  22  2:28  SCV  
  25  2:34  Refinery  
  25  2:40  SCV  
  25  2:41  Marine  
  25  2:42  Marine  
  28  2:52  SCV  
  28  2:58  Orbital Command  
  29  3:03  Starport  
  31  3:06  Hellion x2  
  31  3:11  SCV  
  34  3:16  Barracks Tech Lab  
  34  3:24  SCV  
  34  3:26  SCV  
  38  3:27  Widow Mine x2  
  40  3:37  SCV  
  40  3:40  Medivac  
  43  3:42  SCV  
  43  3:43  Supply Depot  
  43  3:45  Supply Depot  
  44  3:59  Widow Mine  
  46  4:05  Widow Mine  
  43  4:10  SCV  
  43  4:16  SCV  
  41  4:19  Supply Depot, Bunker  
  41  4:21  Barracks  
  41  4:22  Barracks  
  41  4:23  SCV  
  42  4:25  Viking  
  42  4:28  SCV  
  45  4:33  Marine x2  
  45  4:35  SCV  
  45  4:37  Siege Tank  
  51  4:39  Bunker  
  51  4:41  SCV  
  51  4:45  Engineering Bay  
  52  4:50  SCV  
  51  4:54  Marine x2, SCV  
  54  5:02  SCV  
  54  5:06  Refinery, SCV  
  52  5:10  Siege Tank  
  55  5:14  SCV  
  55  5:17  Barracks Tech Lab  
  55  5:18  SCV  
  55  5:19  Starport Reactor  
  55  5:20  Marine  
  58  5:22  Barracks Tech Lab  
  58  5:24  Supply Depot, Terran Infantry Weapons Level 1  
  58  5:26  SCV  
  59  5:30  SCV  
  59  5:32  Marine  
  61  5:36  Stimpack  
  61  5:38  Marine, SCV  
  61  5:41  Marauder x2  
  61  5:42  SCV  
  68  5:50  Marine, Supply Depot, Refinery, SCV  
  68  5:51  Supply Depot  
  68  5:59  Marine  
  68  6:03  Marauder  
  73  6:06  Combat Shield  
  73  6:07  Marine  
  74  6:12  Factory Reactor  
  72  6:19  Command Center  
  72  6:22  Marine x2  
  72  6:24  Marauder  
  76  6:28  Supply Depot, Medivac x2  
  76  6:29  Supply Depot  
  80  6:35  Marauder  
  80  6:39  SCV x2  
  84  6:41  Supply Depot  
  84  6:45  Marine x2  
  86  6:51  Widow Mine x2  
  86  6:53  Barracks  
  90  6:58  Barracks  
  90  7:10  Marine  
  90  7:11  Marauder  
  91  7:15  SCV  
  91  7:16  Concussive Shells  
  91  7:17  Marine  
  91  7:18  Marauder  
  91  7:19  Medivac x2  
  91  7:21  Widow Mine x2  
  91  7:22  SCV  
  103  7:36  Missile Turret  
  103  7:37  Marine x2  
  103  7:38  Marauder  
  107  7:46  Widow Mine x2  
  107  7:47  SCV x2  
  107  7:49  Viking x2  
  117  7:53  Barracks Reactor, Ghost Academy  
  117  7:59  SCV  
  117  8:00  Orbital Command  
  118  8:06  SCV  
  118  8:11  SCV  
  120  8:16  Marine x5  
  120  8:19  Widow Mine x2  
  127  8:24  SCV  
  126  8:27  Supply Depot  
  126  8:28  Supply Depot  
  126  8:30  Supply Depot, Bunker  
  123  8:35  Ghost  
  123  8:36  Marine x2, Ghost  
  123  8:37  Marine  
  123  8:39  SCV x2  
  123  8:40  SCV  
  132  8:53  Enhanced Shockwaves, Ghost  
  133  8:56  Refinery, Widow Mine x2  
  133  8:57  Refinery  
  137  9:03  Armory  
  137  9:05  Engineering Bay  
  135  9:10  Marine, Ghost x2  
  135  9:12  Marine x3  
  143  9:18  Widow Mine x2  
  143  9:19  SCV  
  143  9:21  SCV x2  
  150  9:28  Marine, Ghost  
  150  9:30  Marine  
  150  9:31  SCV, Liberator  
  157  9:40  Supply Depot  
  157  9:42  Supply Depot  
  157  9:47  Command Center  
  157  10:01  Marine x5, Viking  
  157  10:04  Marauder  
  166  10:08  Ghost  
  164  10:19  Marine x4, Viking, Marauder  
  163  10:23  SCV x2  
  163  10:25  Marine  
  154  10:28  Starport  
  154  10:31  Medivac  
  146  10:36  Marine  
  146  10:37  Marauder  
  149  10:49  Medivac  
  148  10:51  Marine x3, Marauder  
  148  10:52  Marauder  
  148  10:54  Marine  
  156  10:59  Marauder  
  156  11:01  Viking  
  160  11:09  Marine x2  
  162  11:11  Marine  
  162  11:12  Marine, Ghost  
  162  11:13  Marauder  
  162  11:14  Missile Turret  
  162  11:17  Viking  
  170  11:19  Viking  
  170  11:20  Marauder  
  174  11:27  Marine x2  
  174  11:32  SCV x3  
  178  11:44  Marine x5  
  178  11:46  SCV  
  175  11:54  SCV  
  162  12:02  Viking x2, Marauder  
  164  12:09  Marine x6  
  164  12:10  Liberator x2  
  164  12:11  SCV x3  
  173  12:35  Supply Depot  
  173  12:36  Supply Depot  
  171  12:37  Supply Depot  
  171  12:38  Marine x3  
  171  12:39  Marine x2, SCV, Marauder  
  171  12:40  SCV  
  167  12:44  Planetary Fortress  
  167  12:46  Marine, SCV  
  167  12:47  Liberator  
  167  12:51  SCV  
  172  12:57  Marine x3, SCV, Marauder  
  178  13:03  Sensor Tower, SCV  
  178  13:04  Sensor Tower  
  179  13:06  Supply Depot  
  179  13:12  Liberator x2  
  185  13:18  Missile Turret  
  185  13:22  SCV x2  
  185  13:24  Missile Turret x2  
  169  13:42  Marine x3  
  169  13:43  Marine, Marauder  
  169  13:47  Liberator x2  
  178  13:52  Command Center  
  178  13:55  Medivac  
  180  14:00  SCV  
  166  14:16  Marine x4  
  161  14:17  Marauder  
  161  14:18  Marine x2  
  161  14:23  SCV x2  
  138  14:26  SCV  
  130  14:34  Marine x4  
  130  14:35  SCV  
  130  14:36  Marine, SCV, Marauder  
  130  14:38  Marine  
  138  14:47  Medivac  
  138  14:48  SCV  
  138  14:50  SCV  
  138  14:51  Marine  
  138  14:52  Marine x3  
  146  14:54  Marauder  
  146  14:55  Ghost  
  146  14:57  Marine  
  151  15:09  Marine  
  151  15:13  Marine  
  153  15:14  Ghost  
  155  15:23  Marine, Ghost  
  155  15:24  Ghost  
  155  15:37  Marine x3  
  155  15:41  Marine  
  159  15:43  Marine  
  159  15:45  SCV x2  
  148  15:52  Marine  
  148  15:53  Marauder  
  148  15:55  Marine x3  
  125  15:59  Marine  
  125  16:02  Marauder  
Show
View Real Time Build Order
Export as new Build Order

Astrea Protoss - Winner!

Build Orders: 1 Gate Expand, Blink Stalkers 

Get SALT Encoding   

  12  0:00  Probe  
  13  0:12  Probe  
  14  0:17  Pylon  
  14  0:24  Probe (Chrono Boost)  
  15  0:36  Probe (Chrono Boost)  
  15  0:37  Gateway  
  16  0:44  Probe (Chrono Boost)  
  16  0:46  Assimilator  
  17  0:51  Probe  
  18  1:03  Probe  
  19  1:15  Probe  
  20  1:23  Nexus  
  20  1:32  Cybernetics Core  
  20  1:36  Probe  
  21  1:44  Assimilator  
  21  1:48  Probe  
  21  1:50  Pylon  
  22  2:00  Probe (Chrono Boost)  
  23  2:08  Adept (Chrono Boost)  
  23  2:09  Warp Gate  
  23  2:12  Probe (Chrono Boost)  
  26  2:20  Probe (Chrono Boost)  
  26  2:22  Twilight Council  
  27  2:27  Probe (Chrono Boost)  
  28  2:34  Stalker (Chrono Boost)  
  28  2:35  Probe (Chrono Boost)  
  33  2:44  Probe (Chrono Boost)  
  33  2:45  Probe (Chrono Boost)  
  33  2:48  Gateway  
  33  2:51  Probe x2 (Chrono Boost)  
  34  2:57  Blink (Chrono Boost)  
  35  3:03  Probe  
  36  3:08  Probe  
  37  3:15  Probe  
  37  3:17  Stalker  
  40  3:20  Probe  
  40  3:26  Shield Battery  
  39  3:29  Robotics Facility, Probe  
  39  3:33  Probe  
  41  3:35  Pylon  
  41  3:42  Probe  
  41  3:45  Probe  
  43  3:49  Pylon  
  40  3:57  Stalker x2  
  40  3:59  Probe  
  40  4:00  Probe  
  43  4:11  Probe  
  43  4:12  Probe  
  43  4:18  Observer (Chrono Boost)  
  43  4:23  Probe  
  45  4:24  Stalker x2  
  45  4:27  Probe  
  45  4:29  Pylon  
  50  4:35  Probe  
  50  4:38  Observer  
  51  4:39  Probe  
  53  4:49  Probe  
  53  4:52  Probe  
  54  5:01  Probe  
  54  5:04  Probe  
  54  5:06  Nexus  
  56  5:13  Probe  
  57  5:16  Probe  
  57  5:19  Stalker  
  57  5:20  Assimilator x2, Stalker  
  61  5:25  Probe  
  61  5:28  Observer, Probe  
  64  5:31  Observer  
  64  5:34  Gateway x2  
  64  5:36  Pylon, Observer  
  64  5:37  Probe  
  64  5:40  Probe  
  66  5:49  Probe  
  67  5:52  Probe  
  67  5:55  Charge  
  68  6:01  Probe  
  68  6:03  Templar Archives  
  69  6:04  Probe  
  69  6:07  Pylon, Observer  
  70  6:14  Probe (Chrono Boost)  
  72  6:18  Probe (Chrono Boost)  
  72  6:19  Psionic Storm  
  72  6:20  Probe (Chrono Boost)  
  73  6:26  Gateway  
  73  6:28  Gateway  
  73  6:30  Gateway  
  73  6:31  Observer, Probe (Chrono Boost)  
  75  6:33  Gateway, Probe (Chrono Boost)  
  75  6:34  Zealot x4, Probe (Chrono Boost)  
  84  6:48  Probe x2  
  84  6:49  Shield Battery  
  84  6:51  Pylon, Probe  
  84  6:52  Assimilator  
  87  6:56  Assimilator  
  87  6:58  High Templar x2  
  87  6:59  Zealot x2  
  95  7:02  Pylon, Probe x2  
  95  7:19  High Templar  
  95  7:20  High Templar  
  95  7:21  Pylon  
  95  7:22  Pylon  
  99  7:27  Zealot x3, Warp Prism (Chrono Boost)  
  107  7:31  Forge  
  107  7:35  Pylon  
  107  7:41  Zealot x3  
  113  7:46  Pylon  
  113  7:48  Pylon  
  113  7:52  Observer, Zealot x3, Immortal (Chrono Boost)  
  113  7:53  Zealot  
  125  8:00  Protoss Ground Weapons Level 1 (Chrono Boost)  
  125  8:03  Probe  
  125  8:04  Robotics Bay  
  126  8:06  Robotics Facility  
  126  8:22  Pylon  
  126  8:25  Stalker x3  
  126  8:26  Zealot x5  
  118  8:39  Probe  
  119  8:43  Probe x2  
  121  8:50  Nexus, Colossus (Chrono Boost)  
  133  8:55  Colossus (Chrono Boost)  
  133  8:56  Observer  
  133  8:57  High Templar x2  
  133  8:59  High Templar  
  133  9:00  Observer  
  137  9:12  Probe  
  137  9:13  Forge, Shield Battery, Probe x2  
  137  9:16  Pylon  
  140  9:26  Extended Thermal Lance  
  152  9:38  Colossus (Chrono Boost)  
  152  9:40  Colossus (Chrono Boost)  
  152  9:48  High Templar x2  
  152  9:51  Zealot x5  
  166  9:55  Archon  
  166  10:01  Observer  
  166  10:02  Zealot  
  158  10:20  Protoss Ground Armor Level 1 (Chrono Boost), Protoss Ground Weapons Level 2 (Chrono Boost)  
  150  10:29  Probe x2  
  152  10:36  Zealot x8  
  152  10:41  Archon  
  163  10:46  Disruptor (Chrono Boost)  
  163  10:49  Probe x2  
  163  10:50  Observer, Probe x2  
  163  10:51  Photon Cannon  
  163  10:55  Warp Prism (Chrono Boost)  
  164  10:59  Stalker x2  
  164  11:00  Stalker x6  
  164  11:03  Pylon  
  180  11:04  Pylon  
  178  11:15  Observer (Chrono Boost)  
  179  11:20  Observer (Chrono Boost)  
  180  11:26  Observer  
  180  11:27  Observer  
  180  11:28  Observer  
  177  11:33  Zealot x8  
  177  11:35  Observer  
  194  11:41  Dark Shrine  
  194  11:46  Gateway  
  194  11:47  Gateway  
  194  11:49  Observer  
  194  11:50  Gateway  
  194  11:53  Gateway  
  189  11:57  Observer  
  189  11:59  Zealot x7  
  184  12:11  Observer  
  175  12:17  Nexus  
  175  12:18  Observer  
  166  12:32  Observer  
  166  12:36  Protoss Ground Weapons Level 3 (Chrono Boost)  
  165  12:39  Disruptor  
  160  12:45  Zealot x3  
  160  12:46  Zealot x8  
  160  12:48  Shadow Stride (Chrono Boost), Protoss Ground Armor Level 2 (Chrono Boost)  
  160  12:50  Pylon  
  176  12:53  Disruptor  
  176  12:56  Gravitic Boosters  
  179  13:06  Probe x4  
  179  13:07  Assimilator, Pylon  
  179  13:09  Assimilator  
  183  13:17  High Templar  
  183  13:19  Pylon  
  185  13:20  High Templar x3  
  185  13:21  High Templar x3  
  185  13:22  Zealot  
  185  13:24  Archon x2  
  199  13:28  Photon Cannon  
  199  13:30  Photon Cannon  
  199  13:32  Photon Cannon, Gateway x2  
  196  13:35  Shield Battery  
  196  13:38  Shield Battery, Gateway  
  196  13:39  Gateway  
  188  13:52  Zealot x6  
  179  14:05  Disruptor  
  160  14:13  Zealot  
  160  14:14  Zealot x11  
  171  14:22  Archon  
  135  14:40  Disruptor, Robotics Facility  
  135  14:44  Assimilator  
  135  14:45  Stalker x2  
  142  14:46  Shield Battery, Stalker  
  142  14:49  Photon Cannon x2  
  144  14:53  Photon Cannon  
  144  14:54  Probe x5  
  148  15:03  Zealot x2  
  148  15:04  Zealot  
  148  15:05  Zealot  
  148  15:06  Probe  
  157  15:14  Dark Templar x9  
  169  15:17  Zealot x3  
  177  15:25  Disruptor  
  176  15:42  Stalker x7  
  154  15:58  Stalker x6  
  164  16:05  Probe x2  
  164  16:11  Zealot x5  
  166  16:18  Zealot x4  
  166  16:19  Zealot  

Tags
 
Add a new tag
Caveats
  • Supply blocks, unpowered buildings, or Contaminate may cause inaccurate times.
  • Supply counts are checked every 10 seconds.